 Dungeon Sprint DCSS version 0.30-a0-802-gb92711bcdf (webtiles) character file.

Game seed: 13160946290674430195

900000 BigDaddyOpFi the Spry (level 14, -25/116 HPs)
             Began as a Djinni Warper on Feb 23, 2023.
             Annihilated by a meat berserker
             ... wielding a +9 battleaxe
              (58 damage)
             ... in the Dungeon (Sprint VIII: "Arena of Blood").
             The game lasted 00:00:11 (9 turns).

BigDaddyOpFi the Spry (Djinni Warper)                  Turns: 9, Time: 00:00:11

Health: -25/116    AC:  5    Str: 10    XL:     14   Next: 47%
Gold:   0          EV: 23    Int: 14    God:
                   SH:  0    Dex: 19

rFire   + + .      SeeInvis .    h - +∞ Axe of Woe
rCold   x . .      Faith    .    (shield currently unavailable)
rNeg    . . .      Spirit   .    a - +0 leather armour
rPois   ∞          Reflect  .    (no helmet)
rElec   .          Harm     .    (no cloak)
rCorr   .          Rampage  .    (no gloves)
Will    +....      NoTele   +    (boots unavailable)
Stlth   +                        (no amulet)
HPRegen 0.39/turn                (no ring)
MPRegen 0.00/turn                (no ring)

@: flying
A: sickness immunity, fire resistance 2, cold vulnerability 1, float, innate
caster, HP casting, extra vitality 1
a: no special abilities


You were in the Dungeon.
You visited 1 branch

Inventory:

Hand Weapons
 h - the +∞ Axe of Woe (weapon)
   (You found it in the Dungeon)
Missiles
 c - 7 boomerangs of dispersal (quivered)
Armour
 a - a +0 leather armour (worn)
Scrolls
 b - 2 scrolls of blinking
Potions
 d - a potion of curing
 e - a potion of heal wounds
 f - a potion of haste
 g - a potion of berserk rage


   Skills:
 + Level 16.0 Fighting
 + Level 13.6 Throwing
 + Level 16.0 Armour
 + Level 17.3 Dodging
 + Level 16.0 Unarmed Combat
 + Level 12.8 Spellcasting


You knew the following spells:

 Your Spells              Type           Power      Damage    Failure   Level
a - Blink                 Tloc           88%        N/A       1%          2
b - Lesser Beckoning      Tloc           88%        N/A       1%          2
c - Vhi's Electric Charg  Tloc/Air       88%        N/A       1%          3
d - Teleport Other        Tloc           44%        N/A       1%          3
e - Manifold Assault      Tloc           44%        N/A       1%          4
f - Summon Small Mammal   Summ           100%       N/A       1%          1
g - Wereblood             Tmut           44%        N/A       1%          2
h - Dazzling Flash        Conj/Hex       88%        N/A       1%          3
i - Fulminant Prism       Conj/Hex       22%        3d12      1%          4
j - Ice Form              Ice/Tmut       44%        N/A       1%          4
k - Fireball              Conj/Fire      22%        3d10      1%          5
Your spell library was empty.

Dungeon Overview and Level Annotations

Branches:
Dungeon (1/1)

Altars:
Makhleb


Innate Abilities, Weirdness & Mutations

You are immune to sickness and miasma.
You are immune to poison.
Your flesh is very heat resistant. (rF++)
You are vulnerable to cold. (rC-)
You float through the air rather than walking.
You learn spells naturally, not from books.
Your magical power is your life essence.
You have superior vitality. (+4 MHP)


Message History

The meat berserker appears out of thin air!
A meat berserker comes into view. It is wielding a +9 battleaxe.
The meat berserker shouts!
You hear a shout! x5
The meat berserker hits you with a +9 battleaxe!!!
Ouch! That really hurt!
* * * LOW HITPOINT WARNING * * *
You hear a shout! x9
Unknown command.
Press < or > to pray at altars.
You slash the bag of meat!
You slaughter the bag of meat joyfully.
You kill the bag of meat!
You slash the meat berserker!
You slaughter the meat berserker joyfully.
You kill the meat berserker!
You slash the bag of meat!
You cleave the bag of meat in twain.
You kill the bag of meat!
You hear a shout! x11
A bag of meat comes into view. It is wielding a +9 war axe.
You hear a shout! x3
Your Fighting skill gained 4 levels and is now at level 16!
Your Throwing skill gained 3 levels and is now at level 13!
Your Armour skill gained 4 levels and is now at level 16!
Your Dodging skill gained 4 levels and is now at level 17!
Your Unarmed Combat skill gained 4 levels and is now at level 16!
Your Spellcasting skill gained 2 levels and is now at level 12!
You have reached level 13!
The power to cast Fireball wells up from within.
Spell assigned to 'k'.
You have reached level 14!
You hit the bag of meat.
You pulverise the bag of meat into a thin bloody mist.
You kill the bag of meat!
You slash the bag of meat!
You hew the bag of meat savagely.
You kill the bag of meat!
You hear a shout! x9
A bag of meat comes into view. It is wielding a +9 war axe.
You hear a shout! x5
The meat berserker hits you with a +9 battleaxe!!!
Ouch! That really hurt!
You die...

.. ..... #.
...# #.. ...# .
.###.. ...###..
......###......
......_.....
#..o.o# #_.<)@#
#....O#
......_..o..
......###......
.###.. ...###..
#.. ...# . #.
...# .. .....


You could see a meat berserker (berserk) and 3 bags of meat.

Vanquished Creatures
  An ogre (D)
  6 orcs (D)
7 creatures vanquished.

Notes
Turn   | Place    | Note
-------+----------+-------------------------------------------
     0 | D        | Found the +∞ Axe of Woe
     0 | D        | BigDaddyOpFi the Djinni Warper began the quest for the Orb.
     0 | D        | BigDaddyOpFi set off with the following spells memorised:
                  | Blink, Lesser Beckoning, Vhi's Electric Charge, Teleport
                  | Other, Manifold Assault.
     0 | D        | Reached XP level 1. HP: 18/18 MP: 0/0
     2 | D        | Noticed a bag of meat
     2 | D        | Noticed a bag of meat
     2 | D        | Noticed a bag of meat
     3 | D        | Noticed a bag of meat
     4 | D        | Noticed a bag of meat
     5 | D        | Noticed a bag of meat
     5 | D        | Noticed a meat berserker
     5 | D        | Noticed a bag of meat
     6 | D        | Killed a bag of meat
     6 | D        | Killed a bag of meat
     7 | D        | Reached skill level 10 in Throwing
     7 | D        | Reached skill level 13 in Dodging
     7 | D        | Reached skill level 10 in Spellcasting
     7 | D        | Reached XP level 2. HP: 39/39 MP: 0/0
     7 | D        | Reached XP level 3. HP: 44/44 MP: 0/0
     7 | D        | Learned a level 1 spell: Summon Small Mammal
     7 | D        | Reached XP level 4. HP: 50/50 MP: 0/0
     7 | D        | Reached XP level 5. HP: 56/56 MP: 0/0
     7 | D        | Learned a level 2 spell: Wereblood
     7 | D        | Reached XP level 6. HP: 62/62 MP: 0/0
     7 | D        | Reached XP level 7. HP: 67/67 MP: 0/0
     7 | D        | Learned a level 3 spell: Dazzling Flash
     7 | D        | Reached XP level 8. HP: 74/74 MP: 0/0
     7 | D        | Reached XP level 9. HP: 79/79 MP: 0/0
     7 | D        | Learned a level 4 spell: Fulminant Prism
     7 | D        | Reached XP level 10. HP: 85/85 MP: 0/0
     7 | D        | Reached XP level 11. HP: 90/90 MP: 0/0
     7 | D        | Learned a level 4 spell: Ice Form
     7 | D        | Reached XP level 12. HP: 96/96 MP: 0/0
     7 | D        | Noticed a meat berserker
     8 | D        | Killed a bag of meat
     8 | D        | Killed a meat berserker
     8 | D        | Killed a bag of meat
     8 | D        | Noticed a bag of meat
     9 | D        | Reached skill level 17 in Dodging
     9 | D        | Reached XP level 13. HP: 30/109 MP: 0/0
     9 | D        | Learned a level 5 spell: Fireball
     9 | D        | Reached XP level 14. HP: 32/116 MP: 0/0
     9 | D        | Killed a bag of meat
     9 | D        | Killed a bag of meat
     9 | D        | Noticed a bag of meat
     9 | D        | Annihilated by a meat berserker

Illustrated notes

Levels and vault maps discovered:
D:        meatsprint

Skill      XL: |  1  2  3  4  5  6  7  8  9 10 11 12 |
---------------+-------------------------------------+-----
Fighting       | 12 16 | 16.0
Throwing       | 10 13 | 13.6
Armour         | 12 16 | 16.0
Dodging        | 13 17 | 17.3
Unarmed Combat | 12 16 | 16.0
Spellcasting   | 10 12 | 12.8

Action                     |  1- 3 |  4- 6 |  7- 9 | 10-12 | 13-15 || total
---------------------------+-------+-------+-------+-------+-------++-------
  Melee: Executioner's axe |     1 |       |       |     1 |     1 ||     3

Table legend: (Time is in decaauts)
 A = Elapsed time spent in this place.
 B = Non-inter-level travel time spent in this place.
 C = Inter-level travel time spent in this place.
 D = Time resting spent in this place.
 E = Time spent auto-exploring this place.
 F = Levels seen in this place.
 G = Mean time per level.
                   A        B        C        D        E       F      G
               +--------+--------+--------+--------+--------+-----+--------+
         Total |     10 |     10 |      0 |      0 |      0 |   1 |   10.0 |
       Dungeon |     10 |     10 |      0 |      0 |      0 |   1 |   10.0 |
               +--------+--------+--------+--------+--------+-----+--------+

Top non-repeatable levels by time:
       D: 10 daAuts
